 Dungeon Crawl Stone Soup version 0.31.0-11-ge490571c62 (webtiles) character file.

Game seed: 16445939898604501821

262 qw the Ducker (level 5, -3/26 HPs)
             Began as a Spriggan Hunter on Feb 5, 2024.
             Slain by a burial acolyte
             ... wielding a +0 dagger
              (6 damage)
             ... in an ossuary.
             The game lasted 00:00:12 (2555 turns).

qw the Ducker (Spriggan Hunter)                     Turns: 2555, Time: 00:00:13

Health: -3/26      AC:  2    Str:  7    XL:     5   Next: 97%
Magic:  6/6        EV: 23    Int: 11    God:
Gold:   16         SH:  0    Dex: 26    Spells: 4/4 levels left

rFire   . . .        a - +1 shortbow
rCold   . . .        (shield currently unavailable)
rNeg    . . .        c - +0 robe
rPois   .            (helmet restricted)
rElec   .            (no cloak)
rCorr   .            (gloves unavailable)
SInv    +            (boots unavailable)
Will    .....        k - amulet of faith
Stlth   ++           g - +6 ring of dexterity
HPRegen 0.24/turn    (no ring)
MPRegen 0.10/turn

%: faith
@: about to teleport, very quick
A: very small, no large weapons, unfitting armour, see invisible, speed 3
a: no special abilities


You were in an ossuary.
You visited 1 branch of the dungeon, and saw 4 of its levels.
You also visited: Ossuary.

You collected 218 gold pieces.
You spent 202 gold pieces at shops.


Innate Abilities, Weirdness & Mutations

You are very small and have problems with some larger weapons.
You are too small for most types of armour.
You have supernaturally acute eyesight. (SInv)
You cover ground extremely quickly. (Speed+++)


   Skills:
 - Level 2.1 Fighting
 + Level 5.7 Ranged Weapons
 - Level 6.0 Dodging
 - Level 1.5 Stealth


You had 4 spell levels left.
You didn't know any spells.
Your spell library was empty.

Inventory:

Hand Weapons
 a - a +1 shortbow (weapon)
Armour
 c - a +0 robe (worn)
Jewellery
 g - a +6 ring of dexterity (left hand)
 k - an amulet of faith (around neck)
Wands
 l - a wand of digging (3)
Potions
 d - a potion of resistance
 f - 2 potions of heal wounds
 h - a potion of enlightenment
 i - a potion of haste {unknown}

Dungeon Overview and Level Annotations

Branches:
Dungeon (4/15)            Ossuary (1/1)
 Temple: D:4-7

Altars:
Uskayaw

Shops:
D:4 *


Message History

The burial acolyte is lightly wounded.
The burial acolyte completely misses you.
You shoot an arrow. The arrow misses the burial acolyte.
The burial acolyte utters a dark prayer and points at you.
Your life force is offered up.
The burial acolyte is healed.
You shoot an arrow.
The arrow hits the burial acolyte but does no damage.
The burial acolyte completely misses you.
You shoot an arrow. The arrow misses the burial acolyte.
The burial acolyte drones a funeral chant.
The wight is empowered.
You shoot an arrow.
The arrow barely misses the burial acolyte.
The burial acolyte barely misses you.
You shoot an arrow.
The arrow closely misses the burial acolyte.
The burial acolyte utters a dark prayer and points at you.
Your life force is offered up.
You shoot an arrow. The arrow hits the burial acolyte.
The burial acolyte is moderately wounded.
The burial acolyte misses you.
You shoot an arrow.
The arrow barely misses the burial acolyte.
The burial acolyte hits you with a +0 dagger.
You shoot an arrow. The arrow misses the burial acolyte.
The wight no longer looks unusually strong.
The wight is no longer moving quickly.
The burial acolyte closely misses you. x2
You shoot an arrow.
The arrow barely misses the burial acolyte.
The burial acolyte completely misses you.
You shoot an arrow.
The arrow hits the burial acolyte but does no damage.
The burial acolyte is lightly wounded.
The burial acolyte utters a dark prayer and points at you.
Your life force is offered up.
The burial acolyte is healed.
2555 ||| READING scroll of teleportation.
As you read the scroll of teleportation, it crumbles to dust.
You feel strangely unstable.
The burial acolyte hits you with a +0 dagger.
You die...

#......##.........##
#.....##...#####...##
#....##...##...##...##
#....#...##.!.!.##...#
#....#.. #..!???.#...#
#....#. ##.?.?z##...#
#....##. .##.z.##...##
#.....##...##p##...##
#......##.....@...##
#.......###########.
#.\.................
#...................
############'''#####
####...# #..'...+
#.!#...# ####...#


You could see a burial acolyte and a wight.

Vanquished Creatures
  A hound (D:4)
  3 orc wizards
  A mummy (Ossuary)
  3 adders
  3 dart slugs
  A ribbon worm (D:3)
  11 orcs
  9 endoplasms
  2 giant cockroaches
  13 goblins
  6 hobgoblins
  4 jackals (D:1)
  11 ball pythons
  4 bats
  3 frilled lizards
  7 gnoll skeletons (Ossuary)
  9 kobolds
  A kobold skeleton (Ossuary)
  6 orc skeletons (Ossuary)
  4 rats
102 creatures vanquished.

Notes
Turn   | Place    | Note
-------+----------+-------------------------------------------
     0 | D:1      | qw the Spriggan Hunter began the quest for the Orb.
     0 | D:1      | Reached XP level 1. HP: 10/10 MP: 2/2
     0 | D:1      | 0 ||| qw: Version: 0.3-a-160-g6735b56
     0 | D:1      | 0 ||| qw: Game counter: 6226
     0 | D:1      | 0 ||| qw: Melee chars always use a shield: true
     0 | D:1      | 0 ||| qw: God list: Okawaru
     0 | D:1      | 0 ||| qw: Allow faded altars: false
     0 | D:1      | 0 ||| qw: Do Orc after clearing Dungeon:15 true
     0 | D:1      | 0 ||| qw: Do second Lair branch before Depths: true
     0 | D:1      | 0 ||| qw: Lair rune preference: random
     0 | D:1      | 0 ||| qw: Goals: Normal
     0 | D:1      | 0 ||| PLANNING D:1-11
    62 | D:1      | Reached skill level 3 in Dodging
   147 | D:1      | Reached XP level 2. HP: 14/14 MP: 3/3
   215 | D:1      | Reached skill level 4 in Dodging
   466 | D:1      | 466 ||| RETREEEEATING.
   473 | D:1      | Reached XP level 3. HP: 18/18 MP: 4/4
   679 | D:1      | 679 ||| UPGRADING to +6 ring of dexterity.
   680 | D:1      | 680 ||| READING scroll labelled ADIBIPRUHAB.
   681 | D:1      | 681 ||| READING scroll labelled LOCUEL DUUCHON.
   681 | D:1      | 681 ||| ENCHANTING +0 shortbow.
   682 | D:1      | 682 ||| DROPPING scroll of butterflies.
  1151 | D:2      | Reached XP level 4. HP: 22/22 MP: 5/5
  1191 | D:2      | Reached skill level 5 in Dodging
  1441 | D:2      | 1441 ||| UPGRADING to amulet of faith.
  1446 | D:2      | 1446 ||| READING scroll labelled JAR OLOPLO.
  1490 | D:2      | 1490 ||| READING scroll labelled RUZOORUNIO.
  1490 | D:2      | 1490 ||| IDENTIFYING emerald potion
  1491 | D:2      | 1491 ||| READING scroll labelled WUDUZOC ZYEB.
  1492 | D:2      | 1492 ||| DROPPING potion of brilliance.
  1534 | D:3      | 1534 ||| STAIRDANCE
  1617 | D:3      | Found a faded altar of an unknown god.
  1796 | D:3      | 1796 ||| RETREEEEATING.
  1800 | D:3      | 1800 ||| RETREEEEATING.
  1801 | D:3      | 1801 ||| FLEEEEING.
  1802 | D:3      | 1802 ||| FLEEEEING.
  1803 | D:3      | 1803 ||| FLEEEEING.
  1804 | D:3      | 1804 ||| FLEEEEING.
  1805 | D:3      | 1805 ||| FLEEEEING.
  1806 | D:3      | 1806 ||| FLEEEEING.
  1807 | D:3      | 1807 ||| FLEEEEING.
  1808 | D:3      | 1808 ||| FLEEEEING.
  1809 | D:3      | 1809 ||| FLEEEEING.
  1810 | D:3      | 1810 ||| FLEEEEING.
  1811 | D:3      | 1811 ||| FLEEEEING.
  1812 | D:3      | 1812 ||| FLEEEEING.
  1813 | D:3      | 1813 ||| FLEEEEING.
  1814 | D:3      | 1814 ||| FLEEEEING.
  1815 | D:3      | 1815 ||| FLEEEEING.
  1817 | D:3      | 1817 ||| FLEEEEING.
  1818 | D:3      | 1818 ||| FLEEEEING.
  1819 | D:3      | 1819 ||| FLEEEEING.
  1826 | D:3      | 1826 ||| FLEEEEING.
  1827 | D:3      | 1827 ||| FLEEEEING.
  1828 | D:3      | 1828 ||| FLEEEEING.
  1829 | D:3      | 1829 ||| FLEEEEING.
  1830 | D:3      | 1830 ||| STAIRDANCE
  1841 | D:2      | 1841 ||| READING 2 scrolls of identify.
  1841 | D:2      | 1841 ||| IDENTIFYING green potion
  1842 | D:2      | 1842 ||| READING scroll of identify.
  1842 | D:2      | 1842 ||| IDENTIFYING cyan potion
  1843 | D:2      | 1843 ||| READING scroll labelled XUDGHO UKOGAMU.
  1844 | D:2      | 1844 ||| READING scroll labelled LYFAORPH QISCH.
  1847 | D:2      | 1847 ||| DRINKING 2 silvery potions.
  1923 | D:3      | 1923 ||| DRINKING potion of curing.
  1923 | D:3      | 1923 ||| (to cure confusion)
  1944 | D:3      | 1944 ||| FLEEEEING.
  1945 | D:3      | 1945 ||| FLEEEEING.
  1946 | D:3      | 1946 ||| FLEEEEING.
  1951 | D:3      | 1951 ||| FLEEEEING.
  1954 | D:3      | 1954 ||| FLEEEEING.
  2001 | D:3      | Found a hide-covered altar of Uskayaw.
  2026 | D:3      | Reached XP level 5. HP: 25/25 MP: 6/6
  2136 | D:3      | Reached skill level 6 in Dodging
  2178 | D:4      | 2178 ||| PLANNING OSSUARY
  2304 | D:4      | Found Quaryi's Assorted Antiques.
  2313 | D:4      | 2313 ||| BUYING 2 grey potions (46 gold).
  2313 | D:4      | Bought 2 grey potions for 46 gold pieces
  2313 | D:4      | 2313 ||| BUYING potion of heal wounds (130 gold).
  2313 | D:4      | Bought a potion of heal wounds for 130 gold pieces
  2313 | D:4      | 2313 ||| SHOPLISTING potion of heal wounds (130 gold, have
                  | 28).
  2313 | D:4      | 2313 ||| BUYING scroll labelled UHEUXT UREIMM (26 gold).
  2313 | D:4      | Bought a scroll labelled UHEUXT UREIMM for 26 gold pieces
  2313 | D:4      | 2313 ||| SHOPLISTING scroll of identify (52 gold, have 2).
  2328 | D:4      | Found a sand-covered staircase.
  2329 | D:4      | 2329 ||| READING scroll labelled UHEUXT UREIMM.
  2430 | D:4      | 2430 ||| DRINKING 2 grey potions.
  2438 | Ossuary  | Entered an ossuary
  2542 | Ossuary  | 2542 ||| RETREEEEATING.
  2554 | Ossuary  | HP: 3/26 [burial acolyte/a malign offering (5)]
  2555 | Ossuary  | 2555 ||| READING scroll of teleportation.
  2555 | Ossuary  | Slain by a burial acolyte

Levels and vault maps discovered:
D:1:      matt_arrival_refuge, layout_loops_ring
D:2:      layout_basic
D:3:      layout_rooms, old_standard_altar, basic_ecumenical_altar,
          hangedman_decor_slide_cut, chequers_serial_rivers_micro_c
D:4:      layout_basic, serial_shops, shop, enter_ossuary_1,
          minmay_pentomino_pile
Ossuary:  ossuary_due_mausoleum

Skill      XL: |  1  2  3  4  5 |
---------------+----------------+-----
Dodging        | 3 4 5 6 |  6.0
Ranged Weapons | 5 |  5.7
Fighting       | 2 |  2.1
Stealth        | |  1.5

Action                     |  1- 3 |  4- 6 || total
---------------------------+-------+-------++-------
   Fire: Shortbow          |    89 |   156 ||   245
    Use: Scroll            |     2 |     9 ||    11
         Potion            |       |     3 ||     3
 Armour: Robe              |     9 |    15 ||    24
  Dodge: Dodged            |    22 |    35 ||    57

Table legend:
 A = Non-vault XP
 B = Vault XP
 C = Vault XP percentage of total XP
 D = Non-vault monster count
 E = Vault monster count
 F = Vault count percentage of total count
                 A         B        C        D         E       F
            +---------+---------+-------+---------+---------+-------
      Total |     343 |      32 |   8.5 |      87 |      15 |  14.7
            +---------+---------+-------+---------+---------+-------
        D:1 |      56 |       0 |   0.0 |      30 |       0 |   0.0
        D:2 |      55 |       0 |   0.0 |      20 |       0 |   0.0
        D:3 |     111 |       0 |   0.0 |      30 |       0 |   0.0
        D:4 |     121 |       0 |   0.0 |       7 |       0 |   0.0
    Ossuary |       0 |      32 | 100.0 |       0 |      15 | 100.0
            +---------+---------+-------+---------+---------+-------
